 Dungeon Crawl Stone Soup version 0.27-a0-54-g64bdb92e38 (webtiles) character file.

Game seed: 1157526489537660984

281185 tilp the Gelid (level 18, 0/158 (163) HPs)
             Began as a Demigod Ice Elementalist on Jan 6, 2021.
             Killed by vampiric draining
             ... invoked by Jory
              (37 damage)
             ... on level 2 of the Vaults on Jan 7, 2021.
             The game lasted 02:49:24 (56321 turns).

tilp the Gelid (Demigod Ice Elementalist)          Turns: 56321, Time: 02:49:24

HP:   0/158 (163)   AC: 29    Str: 12    XL:     18   Next: 98%
MP:   4/35          EV: 29    Int: 35    God:
Gold: 3751          SH: 10    Dex: 28    Spells: 7/33 levels left

rFire    + + .     SeeInvis +   a - +10 short sword "Quxzeb" {freeze, rPois Str-5 Int+4 Dex+5}
rCold    + + .     Faith    .   U - +3 warlock's mirror {reflect}
rNeg     . . .     Spirit   .   u - +2 robe {rC+ rF+}
rPois    +         Reflect  +   h - +2 helmet {SInv}
rElec    .         Harm     .   Q - +2 cloak {Will+}
rCorr    .         Rampage  .   i - +2 pair of gloves
Will     ++...                  M - +2 pair of boots {Stlth+}
Stlth    +++++++...             L - amulet "Nobbez" {RegenMP *Drain rF+ rC+ Dex+7}
HPRegen  0.36/turn              t - ring of stealth
MPRegen  0.49/turn              p - +6 ring of strength

@: icy armour, frozen ramparts, lightly drained
A: high mp 1
}: 2/15 runes: barnacled, gossamer
a: no special abilities


You were on level 2 of the Vaults.
You visited 6 branches of the dungeon, and saw 33 of its levels.
You also visited: Volcano.

You collected 5053 gold pieces.
You spent 1302 gold pieces at shops.

Inventory:

Hand Weapons
 a - the +10 short sword "Quxzeb" (weapon) {freeze, rPois Str-5 Int+4 Dex+5}
   (You found it on level 7 of the Dungeon)

   It has been specially enchanted to freeze those struck by it, causing extra
   injury to most foes and up to half again as much damage against particularly
   susceptible opponents.
   It can also slow down cold-blooded creatures.
   It affects your strength (-5).
   It affects your intelligence (+4).
   It affects your dexterity (+5).
   It protects you from poison.
 b - the +11 trident of Glory {vorpal, rF+ Str+6}
   (You found it on level 3 of the Lair of Beasts)

   It inflicts extra damage upon your enemies.
   It affects your strength (+6).
   It protects you from fire.
Missiles
 c - 23 silver javelins
 s - 9 silver boomerangs
 v - 18 javelins
 x - 63 boomerangs (quivered)
 I - 7 throwing nets {!f}
Armour
 h - a +2 helmet of see invisible (worn)
 i - a +2 pair of gloves (worn)
 u - a +2 robe of resistance (worn)
 M - a +2 pair of boots of stealth (worn)
 Q - a +2 cloak of willpower (worn)
 U - the +3 warlock's mirror (worn) {reflect}
   (You found it on level 11 of the Dungeon)
Jewellery
 g - an uncursed ring of flight
 p - a +6 ring of strength (right hand)
 t - a ring of stealth (left hand)
 C - an uncursed ring of resist corrosion
 F - an uncursed ring of fire
 L - the amulet "Nobbez" (around neck) {RegenMP *Drain rF+ rC+ Dex+7}
   (You acquired it on level 5 of the Lair of Beasts)

   [amulet of magic regeneration]

   It increases your magic regeneration.
   It affects your dexterity (+7).
   It protects you from fire.
   It protects you from cold.
   It causes draining when unequipped.
 S - an uncursed ring of positive energy
 W - an uncursed ring of ice
Wands
 y - a wand of paralysis (38)
 D - a wand of enslavement (9)
 J - a wand of iceblast (14)
 K - a wand of digging (31)
 P - a wand of disintegration (57)
 R - a wand of polymorph (11)
 X - a wand of flame (113)
 Y - a wand of acid (24)
Scrolls
 d - 6 scrolls of fear
 e - 22 scrolls of teleportation
 k - 21 scrolls of identify
 l - 7 scrolls of blinking
 m - 4 scrolls of magic mapping
 o - 23 scrolls of remove curse
 q - 7 scrolls of amnesia
 A - 3 scrolls of enchant armour
 G - 2 scrolls of silence
 O - 2 scrolls of fog
Potions
 f - 3 potions of resistance
 j - 22 potions of curing
 n - 4 potions of haste
 r - 6 potions of berserk rage
 w - 6 potions of ambrosia
 z - 5 potions of might
 B - 2 potions of cancellation
 E - 2 potions of mutation
 H - 8 potions of heal wounds
 N - 2 potions of invisibility
 T - 3 potions of magic
 Z - 3 potions of brilliance
Miscellaneous
 V - a phantom mirror


   Skills:
 - Level 15.0 Fighting
 - Level 12.0 Short Blades
 - Level 5.0 Armour
 - Level 15.0 Dodging
 - Level 10.0 Stealth
 - Level 4.0 Shields
 + Level 8.0 Spellcasting
 + Level 8.0 Conjurations
 - Level 2.0 Summonings
 + Level 0.1 Translocations
 - Level 15.0 Ice Magic
 + Level 4.0 Air Magic
 - Level 8.0 Evocations


You had 7 spell levels left.
You knew the following spells:

 Your Spells              Type           Power        Failure   Level
a - Freeze                Ice            100%         0%          1
b - Frozen Ramparts       Ice            100%         1%          3
c - Ozocubu's Armour      Ice            87%          1%          3
d - Hailstorm             Conj/Ice       76%          1%          4
e - Summon Ice Beast      Ice/Summ       65%          1%          4
f - Blink                 Tloc           N/A          4%          2
g - Lesser Beckoning      Tloc           7%           9%          3
h - Freezing Cloud        Conj/Ice/Air   33%          12%         6

Your spell library contained the following spells:

 Spells                   Type           Power        Failure   Level
 Foxfire                  Conj/Fire      100%         1%          1
 Magic Dart               Conj           100%         1%          1
 Summon Small Mammal      Summ           100%         1%          1
 Call Imp                 Summ           28%          1%          2
 Poisonous Vapours        Pois/Air       56%          1%          2
 Conjure Flame            Conj/Fire      42%          1%          3
 Mephitic Cloud           Conj/Pois/Air  42%          1%          3
 Ice Form                 Ice/Tmut       61%          1%          4
 Beastly Appendage        Tmut           28%          3%          1
 Sting                    Tmut/Pois      56%          3%          1
 Metabolic Englaciation   Hex/Ice        30%          3%          5
 Slow                     Hex            14%          4%          2
 Wereblood                Tmut           14%          4%          2
 Call Canine Familiar     Summ           28%          4%          3
 Summon Guardian Golem    Hex/Summ       21%          6%          3
 Sticky Flame             Conj/Fire      42%          6%          4
 Confusing Touch          Hex            14%          9%          3
 Gell's Gravitas          Tloc           7%           9%          3
 Ignite Poison            Fire/Tmut/Pois 14%          9%          3
 Inner Flame              Hex/Fire       14%          9%          3
 Spider Form              Tmut/Pois      7%           9%          3
 Teleport Other           Tloc           15%          9%          3
 Summon Lightning Spire   Summ/Air       35%          9%          4
 Fireball                 Conj/Fire      21%          16%         5
 Irradiate                Conj/Tmut      21%          16%         5
 Passage of Golubria      Tloc           N/A          28%         4
 Bolt of Magma            Conj/Fire/Erth 16%          28%         5
 Cause Fear               Hex            7%           30%         4
 Olgreb's Toxic Radiance  Pois           14%          30%         4
 Petrify                  Tmut/Erth      14%          30%         4
 Silence                  Hex/Air        14%          36%         5
 Summon Demon             Summ           14%          36%         5
 Summon Forest            Summ/Tloc      10%          47%         5
 Summon Mana Viper        Hex/Summ       21%          50%         5
 Blade Hands              Tmut           7%           63%         5
 Yara's Violent Unravell  Hex/Tmut       7%           63%         5
 Shadow Creatures         Summ           N/A          90%         6
 Hydra Form               Tmut           7%           99%         6
 Statue Form              Tmut/Erth      9%           99%         6
 Dragon Form              Tmut           7%           100%        7
 Summon Hydra             Summ           14%          100%        7
 Discord                  Hex            7%           100%        8


Dungeon Overview and Level Annotations

Branches:
Dungeon (15/15)            Temple (0/1) D:5            Lair (6/6) D:8
 Shoals (4/4) Lair:4       Spider (4/4) Lair:3        Slime (0/5) Lair:5
    Orc (2/2) D:9             Elf (0/3) Orc:2        Vaults (2/5) D:13
 Depths (0/5) D:15        Volcano (visited)
  Crypt: Vaults:2-3

Shops:
D:10 }   D:12 *   D:13 [   Orc:2 :[*(

Portals:
Trove: D:15 (give +6 demon whip)

Annotations:
D:12 3 runed translucent doors, Borgoz's ghost, journeyman HOBe
D:15 Roxanne
Lair:5 2 transporters, Bodu's ghost, journeyman NaFi
Shoals:1 exclusions: door and titan
Vaults:2 Jory


Innate Abilities, Weirdness & Mutations

You have an increased reservoir of magic. (+10% MP)


Message History

The crystal spear hits you!!
* * * LOW HITPOINT WARNING * * *
Your ice beast misses Jory.
Your ice beast hits Jory but does no damage.
Evoke which item? (* to show all) (? for menu, Esc to quit)
Aiming: Disintegrate
Press: ? - help, Shift-Dir - straight line, f - Jory
Aim: Jory, wielding a +0 great sword of draining and wearing a +0 chain mail of fire resistance (freezing vapour, heavily damaged, chance to affect: 0%)
Okay, then.
Evoke which item? (* to show all) (? for menu, Esc to quit)
Aiming: Corrosive Bolt
Press: ? - help, Shift-Dir - straight line The bolt of acid hits Jory.
Jory is splashed with acid.
The acid corrodes Jory!
Jory is severely damaged.
You are engulfed in freezing vapours.
You resist.
* * * LOW HITPOINT WARNING * * *
Your ice beast hits Jory but does no damage.
Jory is engulfed in freezing vapours.
Jory resists.
The wall freezes Jory.
Jory is infused with unholy energy.
You die...

..'...#
#......#
..#####
#......#
....(.#
#......#
<.....#
#......#
......#
#......#
#'#####
#......#
......#
#......#
....).#
#......#
......#
###@####
#######
.§§§§§VY..#
######
.§.§#Y§Y..#
.....# .§
##§§..#
.....#
.....#
.....#
...#..#
.....# ...
#.# .....#
.... .#
.....#


You could see Jory (corroded) and 3 friendly ice beasts.

Vanquished Creatures
  Nikola (Shoals:2)
  Agnes (D:15)
  A sphinx (D:12)
  Kirke (D:12)
  Donald (Shoals:2)
  A tengu reaver (D:12)
  Ilsuiw (Shoals:2)
  A fire giant (D:12)
  11 vault wardens
  3 ghost moths
  An orc warlord (Orc:1)
  Aizul (Shoals:4)
  6 emperor scorpions (Spider:4)
  4 ironheart preservers
  2 stone giants
  Nessos (Lair:4)
  A deep elf annihilator (D:12)
  4 entropy weavers
  10 merfolk impalers
  3 merfolk javelineers
  2 fire dragons
  A yaktaur captain (Vaults:2)
  A great orb of eyes (Vaults:2)
  Josephine (D:15)
  5 boulder beetles
  6 vault guards
  4 ice dragons
  10 hydras
  Erica (Orc:1)
  3 merfolk avatars
  2 centaur warriors
  2 alligator snapping turtles (Shoals:4)
  A catoblepas (Shoals:2)
  8 merfolk aquamancers
  A satyr (Shoals:4)
  13 two-headed ogres
  4 death yaks (Lair:6)
  2 tengu warriors
  A death knight (Vaults:2)
  4 ogre magi
  3 orc high priests
  A queen ant (Spider:1)
  A shock serpent (shapeshifter) (Vaults:2)
  A sun demon (Volcano)
  2 skeletal warriors (D:15)
  13 sea snakes
  A glowing orange brain (D:15)
  A swamp dragon (Lair:6)
  4 unseen horrors
  13 wizards
  2 necromancers (D:13)
  6 ironbrand convokers
  2 lindwurms (Lair:6)
  9 orc knights
  4 orc sorcerers
  21 harpies
  46 ugly things
  An orb spider (shapeshifter) (Vaults:2)
  21 orb spiders
  25 wolf spiders
  10 manticores
  14 cyclopes
  4 elephants (Lair:6)
  Maurice (D:8)
  A manticore (shapeshifter) (D:15)
  4 moths of wrath
  8 merfolk sirens
  7 black mambas
  4 water nymphs
  2 torpor snails (Spider:1)
  A guardian serpent (Lair:6)
  7 vault sentinels
  A torpor snail (shapeshifter) (Vaults:2)
  17 cane toads
  5 centaur skeletons
  3 gargoyles
  6 komodo dragons
  3 kobold demonologists (D:13)
  2 freezing wraiths (Vaults:2)
  8 demonic crawlers
  7 rime drakes
  A yaktaur (shapeshifter) (Vaults:2)
  28 yaktaurs
  A red devil (Volcano)
  33 jumping spiders
  A wind drake (shapeshifter) (D:15)
  A polar bear (Lair:4)
  24 merfolk
  7 trolls
  9 hornets
  8 wind drakes
  14 slime creatures
  5 dream sheep
  12 blink frogs
  10 snapping turtles
  A redback (shapeshifter) (D:15)
  2 shadows
  60 redbacks
  26 tarantellas
  60 yaks
  13 water elementals
  12 wraiths
  20 wyverns
  A hog (shapeshifter) (Vaults:1)
  6 basilisks
  16 humans (D:13)
  4 steam dragons
  5 wargs
  7 vampire mosquitoes
  5 acid dragons
  21 soldier ants (Spider:1)
  A hell hound (Volcano)
  18 water moccasins
  A swamp drake (Lair:6)
  35 orc warriors
  3 ice beasts
  5 sky beasts
  4 phantoms
  4 black bears
  A black bear (shapeshifter) (Vaults:2)
  An eye of draining (D:15)
  A necrophage (D:8)
  13 wolves
  6 boggarts
  16 ogres
  9 centaurs
  2 big kobolds
  26 bullfrogs
  A gnoll sergeant (D:8)
  A water moccasin zombie (D:7)
  A wyvern zombie (D:14)
  5 scorpions
  4 killer bees (D:11)
  22 wights
  2 vampire bats (D:9)
  A howler monkey (D:5)
  A quasit (D:6)
  5 centaur zombies
  5 hounds
  5 jellies
  24 orc wizards
  8 orc priests
  A bullfrog skeleton (D:5)
  6 iguanas
  20 worker ants
  A nameless horror (D:8)
  3 hound zombies
  A hound skeleton (D:11)
  A howler monkey zombie (D:7)
  3 gnolls (Orc:2)
  4 worker ant zombies
  13 adders
  3 shadow imps
  2 white imps
  An ufetubus (D:9)
  3 oozes
  3 worms
  2 dart slugs
  5 leopard geckos
  104 orcs
  8 bats
  2 bat skeletons (D:9)
  3 bat zombies (D:9)
  5 giant cockroaches
  6 goblins
  4 hobgoblins
  16 jackals
  19 kobolds
  5 quokkas
  2 frilled lizards
  2 giant cockroach zombies
  A jackal skeleton (D:7)
  A quokka skeleton (D:9)
  7 rats
1320 creatures vanquished.

Vanquished Creatures (collateral kills)
  An emperor scorpion (Spider:2)
  A boulder beetle (Vaults:2)
  2 alligator snapping turtles
  2 hydras
  A two-headed ogre (Vaults:1)
  A death yak (Lair:6)
  2 wolf spiders
  A cane toad (Lair:6)
  A rime drake (Lair:6)
  2 jumping spiders (Spider:4)
  A wind drake (Shoals:2)
  4 redbacks (Spider:4)
  2 yaks (D:11)
  2 basilisks (Shoals:2)
  An acid dragon (D:10)
  A water moccasin (Lair:6)
  2 ogres (Vaults:1)
  A scorpion (D:11)
  A wight (D:8)
  An orc priest (D:8)
  2 orc wizards
  10 orcs
42 creatures vanquished.

Vanquished Creatures (others)
  A manticore (Shoals:2)
  A centaur zombie (D:12)
  A kobold demonologist (D:12)
  6 humans (D:12)
  An orc (D:12)
  44 fungi
  125 plants
  A withered plant (Shoals:2)
180 creatures vanquished.

Grand Total: 1542 creatures vanquished

Notes
Turn   | Place    | Note
-------+----------+-------------------------------------------
     0 | D:1      | tilp the Demigod Ice Elementalist began the quest for the
                  | Orb.
     0 | D:1      | Reached XP level 1. HP: 14/14 MP: 5/5
   281 | D:1      | Reached XP level 2. HP: 20/20 MP: 2/7
   855 | D:1      | Reached skill level 1 in Fighting
  1086 | D:2      | Reached XP level 3. HP: 28/28 MP: 4/8
  1090 | D:2      | Learned a level 3 spell: Frozen Ramparts
  1804 | D:2      | Reached XP level 4. HP: 29/36 MP: 6/10
  2454 | D:3      | Noticed an ogre
  2463 | D:3      | Killed an ogre
  2464 | D:3      | Reached XP level 5. HP: 16/41 MP: 5/14
  2653 | D:3      | Learned a level 3 spell: Ozocubu's Armour
  4398 | D:5      | Entered Level 5 of the Dungeon
  4628 | D:5      | Reached skill level 5 in Ice Magic
  4628 | D:5      | Reached XP level 6. HP: 31/48 MP: 9/15
  5123 | D:5      | Found a staircase to the Ecumenical Temple.
  5864 | D:5      | Learned a level 4 spell: Hailstorm
  5963 | D:5      | Found a runed translucent door.
  5980 | D:5      | Reached XP level 7. HP: 56/56 MP: 8/16
  7614 | D:6      | Reached XP level 8. HP: 57/66 MP: 11/17
  8173 | D:7      | Found a shadowy altar of Dithmenos.
  8186 | D:7      | Got a translucent short sword
  8328 | D:7      | Identified the +10 short sword "Quxzeb" {freeze, rPois
                  | Str-5 Int+4 Dex+5} (You found it on level 7 of the Dungeon)
  8358 | D:7      | Reached skill level 1 in Short Blades
  8639 | D:7      | Learned a level 4 spell: Summon Ice Beast
  8917 | D:8      | Reached skill level 1 in Conjurations
  8917 | D:8      | Reached skill level 1 in Summonings
  8969 | D:8      | Noticed a six-headed hydra
  8979 | D:8      | Killed a six-headed hydra
  8980 | D:8      | Reached XP level 9. HP: 20/72 MP: 4/18
  9262 | D:8      | Noticed a cyclops
  9530 | D:8      | Killed a cyclops
  9531 | D:8      | Reached skill level 5 in Fighting
  9531 | D:8      | Reached skill level 5 in Short Blades
  9531 | D:8      | Reached skill level 5 in Dodging
  9697 | D:8      | Noticed a cyclops
  9709 | D:8      | Killed a cyclops
 10417 | D:8      | Reached XP level 10. HP: 78/83 MP: 19/19
 10487 | D:8      | Noticed Maurice
 10498 | D:8      | Killed Maurice
 10691 | D:8      | Found a staircase to the Lair.
 11016 | D:8      | Identified a scroll of acquirement
 11262 | D:9      | Reached skill level 1 in Shields
 11362 | D:9      | Found a staircase to the Orcish Mines.
 11926 | D:9      | Found an ancient bone altar of Kikubaaqudgha.
 12193 | D:10     | Entered Level 10 of the Dungeon
 12241 | D:10     | Noticed a two-headed ogre
 12270 | D:10     | Killed a two-headed ogre
 12810 | D:10     | Found Rine's Gadget Shop.
 12860 | D:10     | Reached skill level 1 in Evocations
 13547 | D:11     | Noticed a white ugly thing
 13570 | D:11     | Killed a green ugly thing
 13571 | D:11     | Reached XP level 11. HP: 62/89 MP: 12/20
 14046 | D:11     | Noticed a two-headed ogre
 14055 | D:11     | Killed a two-headed ogre
 14245 | D:11     | Noticed a wizard
 14284 | D:11     | Reached skill level 10 in Ice Magic
 14492 | D:11     | Noticed a wizard
 14773 | D:11     | Noticed a wizard
 14786 | D:11     | Killed a wizard
 14865 | D:11     | Killed a wizard
 14915 | D:11     | Noticed a wizard
 14928 | D:11     | Killed a wizard
 14978 | D:11     | Noticed a wizard
 14990 | D:11     | Killed a wizard
 15050 | D:11     | Noticed a wizard
 15056 | D:11     | Killed a wizard
 15069 | D:11     | Noticed a wizard
 15073 | D:11     | Noticed a wizard
 15080 | D:11     | Killed a wizard
 15112 | D:11     | Killed a wizard
 15285 | D:11     | Noticed a wizard
 15288 | D:11     | Noticed a wizard
 15293 | D:11     | Killed a wizard
 15299 | D:11     | Killed a wizard
 15410 | D:11     | Found the +3 warlock's mirror {reflect}
 15559 | D:11     | Killed a wizard
 16042 | D:5      | Found a roughly hewn altar of Beogh.
 16145 | Lair:1   | Entered Level 1 of the Lair of Beasts
 16463 | Lair:1   | Reached XP level 12. HP: 101/101 MP: 14/21
 17613 | Lair:2   | Reached skill level 10 in Short Blades
 18156 | Lair:2   | Noticed a five-headed hydra
 18167 | Lair:2   | Killed a five-headed hydra
 18510 | Lair:2   | Noticed a six-headed hydra
 18510 | Lair:2   | Noticed an eight-headed hydra
 18520 | Lair:2   | Killed a six-headed hydra
 18525 | Lair:2   | Killed an eight-headed hydra
 18536 | Lair:2   | HP: 5/103 [black mamba (9)]
 18980 | Lair:2   | Noticed a boulder beetle
 18995 | Lair:2   | Killed a boulder beetle
 19939 | Lair:3   | Reached XP level 13. HP: 111/111 MP: 22/22
 20368 | Lair:3   | Identified the +11 trident of Glory {vorpal, rF+ Str+6}
                  | (You found it on level 3 of the Lair of Beasts)
 20431 | Lair:3   | Found a hole to the Spider Nest.
 20919 | Lair:4   | Noticed Nessos
 20935 | Lair:4   | Killed Nessos
 21588 | Lair:4   | Found a staircase to the Shoals.
 22033 | Lair:5   | Found a dark tunnel.
 22048 | Volcano  | Entered a volcano
 22528 | Lair:5   | Found a staircase to the Slime Pits.
 22780 | Lair:5   | Reached skill level 10 in Fighting
 22780 | Lair:5   | Reached skill level 10 in Dodging
 22973 | Lair:5   | Found a transporter.
 22994 | Lair:5   | Found a transporter.
 23017 | Lair:5   | Noticed Bodu's ghost (journeyman NaFi)
 23113 | Lair:5   | Identified the +3 trident of Supnapn {flame, +Inv rElec rF-
                  | Int-4}
 23123 | Lair:5   | Identified the +6 spear of Doom {antimagic, Will+ Int+2}
 23124 | Lair:5   | Found a bloodstained altar of Trog.
 23454 | Lair:5   | Acquired the Almanac of Conjuration and Feathers
 23455 | Lair:5   | Acquired the amulet "Nobbez" {RegenMP *Drain rF+ rC+ Dex+7}
 23501 | Lair:6   | Entered Level 6 of the Lair of Beasts
 24969 | Lair:6   | Reached XP level 14. HP: 121/121 MP: 15/24
 25849 | Lair:6   | Reached skill level 5 in Evocations
 26374 | Orc:1    | Entered Level 1 of the Orcish Mines
 26434 | Orc:1    | Reached skill level 5 in Spellcasting
 26875 | Orc:1    | Noticed Erica
 26896 | Orc:1    | Killed Erica
 27074 | Orc:2    | Entered Level 2 of the Orcish Mines
 27289 | Orc:2    | Found Fofim's General Store.
 27311 | Orc:2    | Found a staircase to the Elven Halls.
 27334 | Orc:2    | Noticed an orc warlord
 27726 | Orc:1    | Killed an orc warlord
 28397 | Orc:2    | Found a roughly hewn altar of Beogh.
 28426 | Orc:2    | Found Ziatimuh's Antique Weapon Boutique.
 28720 | Orc:2    | Found Herreis's Antique Armour Emporium.
 28878 | Orc:2    | Bought a pair of runed boots for 262 gold pieces
 28925 | Orc:2    | Found Mosylun's Book Boutique.
 28933 | Orc:2    | Bought a book of Clouds for 720 gold pieces
 29172 | Orc:1    | Reached skill level 5 in Stealth
 29492 | Orc:2    | Bought a book of Minor Magic for 320 gold pieces
 29495 | Orc:2    | Learned a level 2 spell: Blink
 29792 | D:12     | Noticed Kirke
 29810 | D:12     | Killed Kirke
 30102 | D:12     | Found Vebelib's Mayhem Merchandise.
 30240 | D:12     | Found a runed translucent gate.
 30240 | D:12     | Found a runed translucent gate.
 30240 | D:12     | Found a runed translucent gate.
 30639 | D:12     | Identified the +0 leather armour "Zegion" {+Blink Regen+}
                  | (You found it on level 12 of the Dungeon)
 31149 | D:12     | Noticed a tengu reaver
 31156 | D:12     | Killed a tengu reaver
 31182 | D:12     | Noticed a fire giant
 31194 | D:12     | Reached XP level 15. HP: 60/130 MP: 10/28
 31195 | D:12     | Killed a fire giant
 31199 | D:12     | Noticed a sphinx
 31210 | D:12     | Killed a sphinx
 31698 | D:12     | Noticed Borgoz's ghost (journeyman HOBe)
 32467 | D:13     | Found Tuocrikk's Armour Boutique.
 33109 | D:13     | Found a gate to the Vaults.
 34648 | D:14     | Learned a level 3 spell: Lesser Beckoning
 34655 | D:14     | Learned a level 6 spell: Freezing Cloud
 34694 | D:15     | Entered Level 15 of the Dungeon
 34703 | D:15     | Found a snail-covered altar of Cheibriados.
 34718 | D:15     | Noticed Josephine
 34726 | D:15     | Killed Josephine
 34841 | D:15     | Reached skill level 1 in Air Magic
 34897 | D:15     | Noticed Agnes
 34921 | D:15     | Killed Agnes
 35201 | D:15     | Upgraded the game from 0.27-a0-46-g34d46f0a3f to
                  | 0.27-a0-54-g64bdb92e38
 35356 | D:15     | Identified the +9 fustibalus of Extinguishment {vorpal,
                  | rElec Str-5 Int+6 SInv}
 35405 | D:15     | Acquired a +1 cloak of willpower
 35448 | D:15     | Identified the +2 arbalest of Siprew {venom, Dex+3}
 35849 | D:15     | Identified Roxanne's Compendium of Transformation
 35849 | D:15     | Noticed Roxanne
 35897 | D:15     | Found a portal to a secret trove of treasure.
 35976 | D:15     | Found a staircase to the Depths.
 36369 | Spider:1 | Entered Level 1 of the Spider Nest
 36430 | Spider:1 | Reached skill level 5 in Conjurations
 36649 | Spider:1 | Reached XP level 16. HP: 41/139 MP: 20/31
 41147 | Spider:4 | Entered Level 4 of the Spider Nest
 42508 | Spider:4 | Reached skill level 15 in Ice Magic
 42902 | Spider:4 | Reached XP level 17. HP: 119/146 MP: 7/33
 42954 | Spider:4 | Reached skill level 1 in Armour
 43354 | Spider:4 | Got a gossamer rune of Zot
 43533 | Shoals:1 | Entered Level 1 of the Shoals
 44357 | Shoals:1 | Noticed a titan
 45320 | Shoals:2 | Noticed Nikola
 45967 | Shoals:2 | Killed Nikola
 46208 | Shoals:2 | Noticed Donald
 46409 | Shoals:2 | Killed Donald
 46723 | Shoals:2 | Noticed Ilsuiw
 46799 | Shoals:2 | Killed Ilsuiw
 48473 | Shoals:3 | Reached skill level 5 in Armour
 49450 | Shoals:4 | Entered Level 4 of the Shoals
 49858 | Shoals:4 | Acquired a book of Hexes
 49942 | Shoals:4 | Noticed Aizul
 49969 | Shoals:4 | Killed Aizul
 50978 | Shoals:4 | Reached XP level 18. HP: 135/159 MP: 27/35
 51668 | Shoals:4 | Got a barnacled rune of Zot
 52169 | Vaults:1 | Entered Level 1 of the Vaults
 53183 | Vaults:1 | Found the +18 shield of the Gong {rElec rN+ Will+ EV-5}
 55535 | Vaults:2 | Reached skill level 15 in Fighting
 55564 | Vaults:2 | Reached skill level 15 in Dodging
 56141 | Vaults:2 | Reached skill level 10 in Stealth
 56302 | Vaults:2 | Noticed Jory
 56321 | Vaults:2 | Killed from afar by Jory

Illustrated notes

Levels and vault maps discovered:
D:1:      lordsloth_arrival_two_stooges, layout_basic, serial_rivers,
          chequers_serial_rivers_small_b, chequers_serial_rivers_room_b,
          chequers_serial_rivers_micro_b, chequers_serial_rivers_marsh
D:2:      layout_basic
D:3:      layout_loops_corners, serial_park_tiny_1,
          minmay_misc_feat_four_crosses, serial_bayou_pond_e, minmay_box_of_dots
D:4:      layout_basic, skrybe_limestone_x
D:5:      layout_layer_cave, minmay_temple_entry_slanted,
          lightli_church_of_beogh
D:6:      layout_loops_ring
D:7:      layout_gridville, nicolae_dithmenos_shadow_blocks
D:8:      hangedman_cross_veins, layout_cave_pods, erik_lair_orcish_takeover,
          uniq_maurice
D:9:      layout_layer_cave, kennysheep_vampire_church, david_orc_2
D:10:     layout_irregular_city, serial_shops, shop
D:11:     minmay_smoke_and_mirrors, layout_irregular_city
D:12:     thingy_vault, layout_layer_cave, special_room [special_room_orc],
          gammafunk_ghost_icy, minmay_shop_mayhem, uniq_kirke
D:13:     layout_irregular_city, grunt_vaults_entry_tiered, serial_shops, shop
D:14:     layout_loops_cross
D:15:     grunt_enter_depths_hoard, layout_basic, hangedman_decor_lopped,
          basic_altar, nicolae_trove_entry_crystal,
          minmay_the_grid_square_5x5_3x3_mashed
          [minmay_the_grid_square_5x5_lines,
          minmay_the_grid_square_5x5_almost_minimal,
          minmay_the_grid_square_5x5_two_small,
          minmay_the_grid_square_5x5_minivault,
          minmay_the_grid_square_5x5_megaprize_diamond,
          minmay_the_grid_square_5x5_intrusive_squares,
          minmay_the_grid_square_5x5_meh, minmay_the_grid_square_5x5_bridge,
          minmay_the_grid_square_5x5_three_small], uniq_roxanne, uniq_agnes,
          uniq_josephine
Lair:1:   layout_layer_cave
Lair:2:   nzn_winding_woodlands_stair_trap
          [nzn_winding_woodlands_5x15_pathside_ponds,
          nzn_winding_woodlands_5x15_eye, nzn_winding_woodlands_5x15_zeroes,
          nzn_winding_woodlands_15x15_thick_spiral,
          nzn_winding_woodlands_5x15_split_checker,
          nzn_winding_woodlands_5x15_longhouse,
          nzn_winding_woodlands_5x15_pool], layout_long_grid, lemuel_fruit_tree
Lair:3:   layout_long_grid, nicolae_spider_entry_orb_guardian
Lair:4:   layout_loops_ring, shoals_dummy_entry, grunt_megastairs_1, uniq_nessos
Lair:5:   layout_long_grid, minmay_slime_entry_pillars, enter_volcano_4,
          gammafunk_ghost_wrathful_warriors
Lair:6:   hangedman_lair_tendril_chambers, layout_long_grid,
          guppyfry_lair_end_dragon
Shoals:1: cheibrodos_shoals_gigantism, layout_shoals
Shoals:2: layout_shoals, argonaut_gorgonesque, uniq_nikola, uniq_donald,
          uniq_ilsuiw
Shoals:3: layout_shoals, nicolae_shoals_mertower
Shoals:4: shoals_end_simple, layout_shoals, uniq_aizul
Spider:1: layout_spider_delve, zaba_antful_of_joy
Spider:2: layout_spider_delve
Spider:3: layout_spider_delve
Spider:4: grunt_spider_rune_circles
Orc:1:    layout_caves, uniq_erica
Orc:2:    grunt_orc_gardens, layout_caves, grunt_orc_garden, grunt_orc_garden,
          grunt_orc_garden, grunt_orc_garden, basic_altar
Vaults:1: v_misc_17, v_misc_10, v_misc_23, nicolae_vaults_little_squares_6,
          v_misc_28, ontoclasm_vaults_tryst, nicolae_vaults_ring_of_whatevers,
          v_misc_26, vaults_room_grunt_arrival_ludios, nicolae_vaults_little_ls,
          hangedman_vaults_pinch, vaults_room_fours, layout_vaults_big_cross
Vaults:2: v_misc_24, st_squares, v_misc_16, vaults_room_corners,
          nicolae_vaults_arrows, nicolae_vaults_asterisk,
          nicolae_vaults_disjoint_gnomons, ontoclasm_vaults_loading_screen,
          v_misc_8, layout_vaults_maze_snakey, uniq_jory

Skill      XL: |  1  2  3  4  5  6  7  8  9 10 11 12 13 14 15 16 17 18 |
---------------+-------------------------------------------------------+-----
Ice Magic      | 4 5 6 8 9 10 12 15 | 15.0
Stealth        | 2 6 10 | 10.0
Dodging        | 2 4 6 7 9 10 11 12 13 15 | 15.0
Spellcasting   | 2 4 6 7 8 |  8.0
Fighting       | 1 2 4 6 7 9 10 11 12 13 15 | 15.0
Short Blades   | 4 6 8 9 10 12 | 12.0
Conjurations   | 2 5 8 |  8.0
Summonings     | 2 |  2.0
Shields        | 4 |  4.0
Evocations     | 3 4 6 8 |  8.0
Air Magic      | 2 4 |  4.0
Armour         | 5 |  5.0
Translocations | |  0.1

Action                   |  1- 3 |  4- 6 |  7- 9 | 10-12 | 13-15 | 16-18 || total
-------------------------+-------+-------+-------+-------+-------+-------++-------
Melee: Unarmed           |     5 |       |       |       |       |       ||     5
       Dagger            |    32 |    63 |    20 |       |       |       ||   115
       War axe           |       |       |    17 |       |       |       ||    17
       Short sword       |       |       |    89 |   524 |  1335 |  1223 ||  3171
       Trident           |       |       |       |       |    23 |       ||    23
Throw: Boomerang         |       |       |    24 |    41 |    72 |    21 ||   158
 Cast: Freeze            |    46 |    74 |    49 |    16 |    19 |    25 ||   229
       Frozen Ramparts   |       |    21 |    31 |    50 |    95 |   130 ||   327
       Ozocubu's Armour  |       |     6 |    16 |    35 |    80 |   139 ||   276
       Hailstorm         |       |       |     2 |    14 |   131 |   239 ||   386
       Summon Ice Beast  |       |       |    11 |    16 |    20 |    43 ||    90
       Freezing Cloud    |       |       |       |       |       |    85 ||    85
Evoke: Wand              |       |       |       |     5 |     3 |     3 ||    11
  Use: Scroll            |     4 |     7 |     4 |    12 |    23 |    10 ||    60
       Potion            |       |       |       |       |       |     1 ||     1
 Stab: Sleeping          |     2 |     3 |     5 |    18 |    41 |    31 ||   100
       Distracted        |       |       |       |     5 |     4 |    10 ||    19
       Paralysed         |       |       |       |       |     3 |       ||     3
Armor: Robe              |    18 |    48 |    50 |    58 |   125 |   308 ||   607
Dodge: Dodged            |    62 |    78 |   127 |   310 |   705 |  1078 ||  2360
Block: Buckler           |       |       |       |    62 |   265 |   575 ||   902
       Reflection        |       |       |       |       |       |    60 ||    60

Table legend: (Time is in decaauts)
 A = Elapsed time spent in this place.
 B = Non-inter-level travel time spent in this place.
 C = Inter-level travel time spent in this place.
 D = Time resting spent in this place.
 E = Time spent auto-exploring this place.
 F = Levels seen in this place.
 G = Mean time per level.
                   A        B        C        D        E       F      G
               +--------+--------+--------+--------+--------+-----+--------+
         Total |  55449 |  51265 |   4184 |  15813 |  25970 |  34 | 1630.9 |
       Dungeon |  23347 |  21526 |   1821 |   5036 |  12845 |  15 | 1556.5 |
          Lair |  11094 |   9906 |   1188 |   2628 |   6012 |   6 | 1849.0 |
        Shoals |   7775 |   7396 |    379 |   3405 |   2379 |   4 | 1943.8 |
   Spider Nest |   5971 |   5484 |    487 |   1990 |   2225 |   4 | 1492.8 |
  Orcish Mines |   3099 |   2913 |    186 |   1092 |   1276 |   2 | 1549.5 |
        Vaults |   3979 |   3858 |    121 |   1661 |   1231 |   2 | 1989.5 |
       Volcano |    181 |    181 |      0 |      0 |      0 |   1 |  181.0 |
               +--------+--------+--------+--------+--------+-----+--------+

Top non-repeatable levels by time:
    D:11: 2932 daAuts
Shoals:1: 2542 daAuts
Shoals:4: 2402 daAuts
     D:8: 2348 daAuts
    D:12: 2258 daAuts
     D:5: 2257 daAuts
  Lair:6: 2113 daAuts
  Lair:2: 2083 daAuts
  Lair:3: 2006 daAuts
   Orc:1: 1997 daAuts
Vaults:2: 1996 daAuts
Spider:1: 1988 daAuts
Vaults:1: 1982 daAuts
  Lair:5: 1844 daAuts
Spider:4: 1843 daAuts
